 Dungeon Crawl Stone Soup version 0.29.1-15-g9cfb28693d (webtiles) character file.

Game seed: 1576559256384940508

10894 BuddhaDhamma the Severer (level 11, -1/82 HPs)
             Began as a Minotaur Berserker on Mar 10, 2023.
             Was an Elder of Trog.
             Succumbed to a green ugly thing's poison
             ... on level 12 of the Dungeon.
             The game lasted 00:16:53 (12112 turns).

BuddhaDhamma the Severer (Minotaur Berserker)      Turns: 12112, Time: 00:16:54

Health: -1/82      AC: 16    Str: 27    XL:     11   Next: 42%
Magic:  9/10       EV:  5    Int:  4    God:    Trog [****..]
Gold:   729        SH:  6    Dex:  9    Spells: 10/10 levels left

rFire   . . .      SeeInvis .   n - +0 war axe
rCold   . . .      Faith    .   H - +0 kite shield
rNeg    . . .      Spirit   +   G - +0 plate armour
rPois   .          Reflect  .   (helmet restricted)
rElec   .          Harm     .   A - +2 cloak
rCorr   .          Rampage  .   (no gloves)
Will    .....                   e - +1 pair of boots
Stlth   ..........              q - amulet of guardian spirit
HPRegen 0.23/turn               (no ring)
MPRegen 0.12/turn               (no ring)

@: lethally poisoned (-1 -> -23), on berserk cooldown
A: horns 2, retaliatory headbutt
a: Renounce Religion, Berserk, Trog's Hand, Brothers in Arms


You were on level 12 of the Dungeon.
You worshipped Trog.
Trog was greatly pleased with you.
You visited 1 branch of the dungeon, and saw 12 of its levels.

You collected 729 gold pieces.

Inventory:

Hand Weapons
 n - a +0 war axe (weapon)
Armour
 e - a +1 pair of boots (worn)
 A - a +2 cloak (worn)
 G - a +0 plate armour (worn)
 H - a +0 kite shield (worn)
Jewellery
 l - a ring of protection from fire
 q - an amulet of guardian spirit (around neck)
 w - a +6 ring of intelligence
 C - an amulet of magic regeneration
 D - a +6 ring of intelligence
Wands
 u - a wand of roots (6)
 z - a wand of polymorph (15)
Scrolls
 c - 2 scrolls of immolation
 f - a scroll of poison
 j - 6 scrolls of teleportation
 m - 2 scrolls of noise
 p - a scroll of enchant armour
 y - a scroll of enchant weapon
 E - a scroll of summoning
 I - a scroll of identify
 J - a scroll of brand weapon
Potions
 a - a potion of attraction
 b - 4 potions of lignification
 d - a potion of cancellation {unknown}
 g - 4 potions of mutation
 h - 2 potions of degeneration
 i - 2 potions of heal wounds
 k - 2 potions of might
 o - 2 potions of brilliance
 r - 7 potions of curing
 s - 2 potions of magic
 t - a potion of berserk rage {unknown}
 v - 2 potions of flight
 x - 2 potions of haste {unknown}
 B - a potion of resistance {unknown}
 F - a potion of ambrosia {unknown}


   Skills:
 - Level 3.6 Fighting
 + Level 20.9 Axes
 - Level 2.4 Armour
 - Level 2.1 Dodging


You had 10 spell levels left.
You didn't know any spells.
Your spell library was empty.

Dungeon Overview and Level Annotations

Branches:
Dungeon (12/15)            Temple (0/1) D:6            Lair (0/5) D:9
    Orc (0/2) D:11

Altars:
Cheibriados
Elyvilon
Gozag
Okawaru
Qazlal
Trog
Wu Jian
Xom

Shops:
D:4 *


Innate Abilities, Weirdness & Mutations

You have a pair of horns on your head.
You reflexively headbutt those who attack you in melee.


Message History

You are exhausted.
You feel yourself slow down.
Magic restored.
A green ugly thing comes into view.
The green ugly thing gurgles horribly!
The green ugly thing stings you! The green ugly thing stings you!
You are poisoned.
The green ugly thing poisons you!
You feel extremely sick.
The green ugly thing completely misses you.
The green ugly thing stings you but does no damage.
You hit the green ugly thing.
The green ugly thing is lightly wounded.
You feel extremely sick.
The green ugly thing stings you but does no damage.
You slash the green ugly thing!
The green ugly thing is moderately wounded.
You feel very sick. The green ugly thing stings you.
* * * LOW HITPOINT WARNING * * *
You are lethally poisoned!
The green ugly thing poisons you!
The green ugly thing stings you but does no damage.
You barely miss the green ugly thing.
The green ugly thing is moderately wounded.
You feel yourself speed up.
* * * LOW HITPOINT WARNING * * *
You feel extremely sick.
The green ugly thing stings you but does no damage.
You barely miss the green ugly thing.
Your headbutt misses the green ugly thing.
The green ugly thing is moderately wounded.
* * * LOW HITPOINT WARNING * * *
You feel very sick. The green ugly thing barely misses you.
You closely miss the green ugly thing.
Your headbutt misses the green ugly thing.
The green ugly thing is moderately wounded.
You die...

..###+#...##
#...........
#.........
#.......#
#..$(...#
#.....^.##
####......#
#.)....#####
#..u@......#
#..........#
#....<.....#
#..........#
####.......+
#.......#
........#
.........#
..........#


You could see a green ugly thing.

Vanquished Creatures
  5 two-headed ogres
  A cyclops (D:11)
  Joseph (D:7)
  A gargoyle (D:11)
  2 trolls
  Prince Ribbit (D:7)
  3 slime creatures (D:10)
  A hornet (D:9)
  3 shadows
  A wyvern (D:7)
  10 yaks
  A wraith (D:10)
  2 steam dragons
  2 water moccasins (D:8)
  2 orc warriors
  An ice beast (D:6)
  2 black bears
  2 ogres (D:6)
  4 centaurs
  2 wolves (D:9)
  A phantom (D:5)
  2 kobold brigands
  4 bullfrogs
  A necrophage (D:4)
  4 scorpions
  A wight (D:7)
  5 howler monkeys
  6 hounds
  5 orc priests
  4 iguanas
  4 orc wizards
  4 gnolls (D:4)
  6 adders
  A shadow imp (D:5)
  A white imp (D:6)
  2 ufetubi
  2 worms
  3 dart slugs
  22 orcs
  6 ball pythons
  9 bats
  12 endoplasms
  3 giant cockroaches
  10 goblins
  6 hobgoblins
  8 quokkas
  4 frilled lizards
  20 kobolds
  5 rats
208 creatures vanquished.

Vanquished Creatures (others)
  3 toadstools (D:2)
3 creatures vanquished.

Grand Total: 211 creatures vanquished

Notes
Turn   | Place    | Note
-------+----------+-------------------------------------------
     0 | D:1      | BuddhaDhamma the Minotaur Berserker began the quest for the
                  | Orb.
     0 | D:1      | Reached XP level 1. HP: 19/19 MP: 0/0
   136 | D:1      | Reached skill level 4 in Axes
   245 | D:1      | Reached XP level 2. HP: 21/26 MP: 1/1
   691 | D:1      | Reached skill level 5 in Axes
   756 | D:1      | Reached XP level 3. HP: 31/31 MP: 2/2
   997 | D:2      | Found a faded altar of an unknown god.
  1370 | D:2      | Reached ** piety under Trog
  1636 | D:2      | Noticed a black bear
  1641 | D:2      | Killed a black bear
  1642 | D:2      | Reached skill level 6 in Axes
  1642 | D:2      | Reached XP level 4. HP: 39/39 MP: 3/3
  1686 | D:2      | Reached XP level 5. HP: 45/45 MP: 4/4
  2115 | D:3      | Reached skill level 7 in Axes
  2955 | D:3      | Found a white marble altar of Elyvilon.
  3008 | D:3      | Reached skill level 8 in Axes
  3632 | D:4      | Reached XP level 6. HP: 31/51 MP: 5/5
  3876 | D:4      | Reached skill level 9 in Axes
  3975 | D:4      | Found Yfaxet's General Store.
  4168 | D:4      | Reached *** piety under Trog
  4180 | D:4      | Reached XP level 7. HP: 29/57 MP: 6/6
  4330 | D:4      | Found a snail-covered altar of Cheibriados.
  4413 | D:5      | Entered Level 5 of the Dungeon
  4428 | D:5      | Reached skill level 10 in Axes
  4712 | D:5      | Found an iron altar of Okawaru.
  4739 | D:5      | Reached skill level 11 in Axes
  5238 | D:6      | Reached XP level 8. HP: 64/64 MP: 7/7
  5308 | D:6      | Reached skill level 12 in Axes
  5671 | D:6      | Found a bloodstained altar of Trog.
  5755 | D:6      | Noticed a two-headed ogre
  5771 | D:6      | Killed a two-headed ogre
  5772 | D:6      | Reached skill level 14 in Axes
  5772 | D:6      | Reached XP level 9. HP: 27/70 MP: 2/8
  6013 | D:6      | Found a staircase to the Ecumenical Temple.
  6720 | D:7      | Noticed Joseph
  6723 | D:7      | Noticed Prince Ribbit
  6734 | D:7      | Killed Prince Ribbit
  6735 | D:7      | Reached skill level 15 in Axes
  6738 | D:7      | Killed Joseph
  7047 | D:7      | You fall into a shaft and drop 3 floors!
  7047 | D:10     | Entered Level 10 of the Dungeon
  7273 | D:9      | Reached skill level 16 in Axes
  7615 | D:8      | Reached skill level 17 in Axes
  7620 | D:8      | Reached XP level 10. HP: 77/77 MP: 9/9
  7620 | D:8      | Found an ornate altar of the Wu Jian Council.
  8720 | D:8      | Found a shimmering altar of Xom.
  8720 | D:8      | Found a shimmering altar of Xom.
  8721 | D:8      | Found a shimmering altar of Xom.
  8721 | D:8      | Found a shimmering altar of Xom.
  8721 | D:8      | Found a shimmering altar of Xom.
  8721 | D:8      | Found a shimmering altar of Xom.
  8721 | D:8      | Found a shimmering altar of Xom.
  9137 | D:8      | Noticed a salamander
  9139 | D:8      | a salamander changed into a troll
  9218 | D:9      | Noticed a two-headed ogre
  9233 | D:9      | Killed a two-headed ogre
  9234 | D:9      | Reached skill level 18 in Axes
  9881 | D:9      | Found a staircase to the Lair.
  9980 | D:9      | Reached skill level 19 in Axes
 10082 | D:9      | Noticed a two-headed ogre
 10092 | D:9      | Killed a two-headed ogre
 10538 | D:10     | Found an opulent altar of Gozag.
 10621 | D:10     | Reached XP level 11. HP: 82/82 MP: 6/10
 10746 | D:10     | Noticed a two-headed ogre
 10753 | D:10     | Killed a two-headed ogre
 10819 | D:10     | Reached skill level 20 in Axes
 10844 | D:10     | Found a stormy altar of Qazlal.
 10997 | D:10     | Reached **** piety under Trog
 11716 | D:11     | Found a staircase to the Orcish Mines.
 12058 | D:12     | Noticed a two-headed ogre
 12074 | D:12     | Killed a two-headed ogre
 12101 | D:12     | Noticed a green ugly thing
 12111 | D:12     | HP: 3/82 [poisoned by a green ugly thing]
 12112 | D:12     | Succumbed to a green ugly thing's poison

Illustrated notes

Levels and vault maps discovered:
D:1:      ncdulo_wetmaze, layout_basic
D:2:      layout_basic, nicolae_ecumenical_oubliette, minmay_gold_behind_fungi,
          minmay_misc_feat_iff
D:3:      layout_loops_corners, lemuel_coloured_pillars_altar,
          serial_bayou_pond_d, kennysheep_generic_room_8
D:4:      layout_rooms, marbit_many_paths, serial_shops, kennysheep_mini_moat
D:5:      layout_basic, lemuel_doored_altar
D:6:      layout_loops_cross, mainiacjoe_overflow_alcove_2, temple_pool_b,
          kennysheep_nub
D:7:      layout_cave_pods, grunt_tough_drop, uniq_prince_ribbit1, uniq_joseph
D:8:      layout_loops_corners, xom_shifter_show, nicolae_wu_jian_wuxing_cycle
D:9:      layout_long_grid, erik_lair_island, wad_floor_pattern_untrapped
D:10:     layout_irregular_city, nicolae_qazlal_general_emergency,
          lemuel_crystal_altar, enter_bailey_2
D:11:     layout_cave_pools, orc_0_dummy
D:12:     layout_basic

Skill      XL: |  1  2  3  4  5  6  7  8  9 10 11 |
---------------+----------------------------------+-----
Axes           | 4 5 6 8 9 11 14 17 19 20 | 20.9
Fighting       | |  3.6
Armour         | |  2.4
Dodging        | |  2.1

Action                   |  1- 3 |  4- 6 |  7- 9 | 10-12 || total
-------------------------+-------+-------+-------+-------++-------
Melee: Hand axe          |    68 |   118 |       |       ||   186
       Headbutt          |     9 |    18 |    27 |    45 ||    99
       War axe           |       |    13 |   150 |   219 ||   382
       Punch             |       |     1 |       |       ||     1
Invok: Berserk           |     1 |     2 |     4 |     7 ||    14
  Use: Scroll            |       |    11 |     7 |     6 ||    24
Armor: Ring mail         |    23 |    14 |       |       ||    37
       Scale mail        |       |     6 |       |       ||     6
       Chain mail        |       |    24 |    90 |    63 ||   177
       Plate armour      |       |       |       |    20 ||    20
Dodge: Dodged            |    42 |    46 |    66 |    74 ||   228
Block: Kite shield       |       |       |       |     1 ||     1
